Map: Blackburn LE

Players

Scarlett

  • Race: Zerg Zerg
  • League: Master

TIME (Oliveira) - Winner!

  • Race: Terran Terran

Event: DreamHack SC2 Masters Last Chance 2022

VOD

Have the link to the VOD?

Description

Time

  • Played on: Dec. 19, 2021, 6:49 p.m.
  • Length: 11:59

All games in this series

Show
View Real Time Build Order
Export as new Build Order

Scarlett Zerg 

Build Orders: Hatch First 

Get SALT Encoding   

  12  0:00  Drone  
  13  0:12  Overlord  
  13  0:17  Drone  
  14  0:31  Drone x2  
  16  0:47  Hatchery  
  15  0:51  Drone  
  15  0:54  Drone  
  17  0:58  Drone  
  18  1:08  Extractor  
  17  1:13  Spawning Pool  
  17  1:15  Drone  
  17  1:20  Drone  
  18  1:28  Drone  
  19  1:39  Drone  
  20  1:49  Drone  
  21  1:59  Queen x2  
  21  2:00  Zergling x4  
  27  2:10  Drone  
  27  2:11  Overlord  
  28  2:21  Hatchery  
  27  2:25  Drone  
  28  2:30  Drone  
  28  2:32  Drone  
  28  2:35  Drone  
  31  2:39  Metabolic Boost  
  31  2:46  Queen  
  31  2:49  Overlord  
  33  2:54  Drone  
  33  2:56  Drone  
  33  2:57  Drone  
  36  3:09  Drone x5  
  41  3:14  Overlord  
  41  3:24  Queen  
  41  3:25  Drone  
  44  3:30  Overlord  
  44  3:32  Queen  
  46  3:36  Drone  
  46  3:37  Drone x2  
  46  3:41  Drone x3  
  52  3:46  Queen  
  54  3:53  Drone x3  
  57  4:02  Drone x5  
  61  4:07  Queen, Overlord  
  63  4:11  Drone x2  
  63  4:15  Overlord  
  65  4:23  Overlord  
  65  4:27  Spore Crawler  
  65  4:28  Drone, Spore Crawler  
  65  4:29  Zergling x8, Spore Crawler  
  67  4:35  Drone  
  67  4:36  Drone, Evolution Chamber  
  67  4:37  Evolution Chamber  
  67  4:40  Zergling x8  
  67  4:43  Zergling x4  
  67  4:44  Zergling x2  
  74  4:48  Zergling x2  
  74  4:54  Drone x2  
  74  4:57  Drone x3  
  79  5:02  Overlord  
  79  5:03  Overlord  
  79  5:13  Drone x2  
  81  5:18  Zerg Melee Weapons Level 1  
  81  5:19  Zerg Ground Armor Level 1  
  81  5:22  Extractor, Overlord x3  
  81  5:23  Extractor  
  81  5:24  Queen  
  81  5:27  Drone x3  
  81  5:28  Hatchery  
  83  5:33  Drone x3  
  83  5:34  Lair  
  86  5:37  Drone, Baneling Nest  
  86  5:42  Drone x4  
  90  5:53  Drone x5  
  95  6:01  Spore Crawler  
  93  6:09  Drone x6  
  99  6:14  Spore Crawler  
  99  6:17  Drone x5  
  104  6:22  Extractor x2  
  102  6:28  Zergling x6  
  105  6:33  Centrifugal Hooks  
  105  6:34  Hatchery  
  105  6:36  Overseer  
  105  6:39  Pneumatized Carapace  
  103  6:44  Spore Crawler  
  103  6:45  Queen  
  103  6:46  Queen x2  
  108  6:48  Drone x3  
  108  6:49  Zergling x4  
  108  6:50  Zergling x2  
  114  6:56  Drone  
  114  6:57  Drone  
  116  7:02  Overlord x2  
  116  7:03  Overlord  
  116  7:04  Overlord x2  
  116  7:07  Zergling x8  
  120  7:09  Spine Crawler  
  120  7:12  Baneling x7  
  119  7:16  Drone  
  119  7:17  Extractor  
  119  7:18  Drone  
  119  7:21  Zerg Melee Weapons Level 2, Zerg Ground Armor Level 2  
  119  7:22  Zergling x12  
  124  7:24  Zergling x4  
  124  7:25  Zergling x2  
  127  7:33  Zergling x14  
  127  7:34  Baneling x2  
  134  7:41  Zergling x10  
  125  7:58  Zergling x20  
  115  8:01  Drone x2  
  115  8:04  Zergling x16  
  115  8:05  Baneling x6  
  130  8:15  Drone x2, Hatchery  
  130  8:16  Drone  
  132  8:23  Zergling x8  
  132  8:24  Overlord x2  
  132  8:25  Overseer  
  136  8:37  Zergling x2  
  136  8:38  Overlord x2  
  136  8:40  Baneling x6  
  129  8:51  Drone x8  
  129  8:52  Drone x2  
  129  8:53  Zergling x10  
  144  8:56  Baneling x6  
  144  8:57  Overlord x5  
  144  9:03  Zergling x4  
  144  9:08  Baneling x9  
  146  9:13  Baneling  
  146  9:14  Baneling x9  
  146  9:18  Overseer, Zergling x18  
  151  9:24  Zergling x8  
  151  9:31  Drone x2  
  153  9:33  Zergling x14  
  153  9:34  Overseer  
  153  9:36  Baneling x9  
  158  9:39  Zergling x4  
  160  9:46  Zergling x10  
  160  9:48  Zergling x8  
  169  9:55  Zergling x10  
  169  9:58  Zergling x2  
  169  9:59  Zergling x4  
  151  10:02  Zergling x6  
  151  10:04  Zergling x2, Baneling  
  151  10:05  Baneling x12, Zergling x4  
  149  10:08  Zergling x2  
  149  10:14  Infestation Pit, Zergling x14  
  149  10:18  Zergling x14  
  149  10:20  Hatchery  
  162  10:22  Drone x2  
  162  10:23  Zergling x6  
  167  10:28  Zergling x2  
  167  10:29  Zergling x2  
  167  10:33  Baneling x6  
  167  10:34  Baneling  
  167  10:35  Zergling x12  
  169  10:48  Zergling x14  
  141  10:51  Zergling x18  
  132  10:57  Zergling x8  
  132  10:59  Baneling x4  
  132  11:00  Baneling x6  
  132  11:02  Baneling x4  
  132  11:03  Zergling x4  
  132  11:09  Overseer, Zergling x10  
  136  11:14  Zergling x2  
  136  11:15  Zergling x14  
  136  11:16  Hatchery  
  136  11:17  Drone  
  136  11:18  Drone x2  
  146  11:22  Zergling x10  
  151  11:28  Overseer  
  150  11:41  Zergling x26  
  161  11:54  Hatchery  
Show
View Real Time Build Order
Export as new Build Order

TIME Terran - Winner!

Build Orders: Reaper Expand 

Get SALT Encoding   

  12  0:00  SCV  
  13  0:12  SCV  
  14  0:17  Supply Depot  
  14  0:24  SCV  
  15  0:38  SCV  
  15  0:39  Barracks  
  16  0:44  Refinery  
  16  0:51  SCV  
  17  1:03  SCV  
  18  1:15  SCV  
  19  1:26  Reaper  
  19  1:27  Orbital Command  
  20  1:39  Command Center  
  20  1:48  Supply Depot  
  20  1:53  SCV  
  21  1:58  Marine  
  22  2:05  SCV  
  23  2:12  Factory  
  23  2:17  SCV  
  23  2:20  Barracks Reactor  
  24  2:29  SCV  
  25  2:41  SCV, Command Center  
  26  2:52  Orbital Command  
  26  2:54  SCV  
  27  3:00  Starport  
  27  3:01  Refinery  
  27  3:06  SCV  
  27  3:11  Hellion  
  30  3:14  Hellion  
  30  3:16  Marine  
  30  3:18  SCV  
  34  3:20  SCV  
  35  3:31  SCV  
  35  3:32  SCV  
  37  3:35  Marine  
  37  3:37  Hellion x2  
  42  3:42  Medivac  
  42  3:43  SCV  
  42  3:45  SCV  
  46  3:51  Armory  
  46  3:53  Marine  
  46  3:55  SCV  
  48  3:58  Orbital Command  
  48  4:01  Hellion  
  49  4:03  Hellion  
  49  4:05  SCV  
  52  4:10  Supply Depot  
  52  4:11  SCV  
  52  4:16  Viking  
  55  4:17  SCV  
  56  4:25  Widow Mine, Barracks Tech Lab  
  56  4:28  Widow Mine  
  60  4:34  Supply Depot, SCV x2  
  60  4:35  SCV  
  63  4:44  Marine  
  64  4:46  SCV x2  
  64  4:47  Stimpack  
  64  4:48  Barracks  
  64  4:49  Barracks  
  64  4:51  Widow Mine  
  68  4:56  Widow Mine  
  68  4:58  Supply Depot, SCV x2  
  72  5:01  SCV  
  72  5:02  Starport Reactor  
  72  5:06  Marine  
  74  5:13  SCV  
  71  5:14  SCV  
  72  5:23  Engineering Bay  
  72  5:24  Refinery x2, Engineering Bay, Marine  
  72  5:25  Supply Depot, SCV  
  72  5:26  SCV, Factory Tech Lab  
  72  5:27  Supply Depot, SCV  
  76  5:38  SCV  
  77  5:45  SCV  
  77  5:47  Barracks x2  
  77  5:49  Marine x3, Orbital Command  
  81  5:50  Terran Infantry Weapons Level 1, Starport Reactor, Terran Infantry Armor Level 1  
  81  5:51  SCV  
  81  5:53  Marine  
  83  5:57  SCV  
  83  6:01  Marine  
  85  6:07  SCV, Siege Tank, Marine  
  85  6:09  SCV  
  83  6:13  Marine x3  
  83  6:15  SCV  
  85  6:19  SCV, Marine  
  85  6:23  SCV  
  85  6:24  Marine  
  89  6:26  Supply Depot  
  89  6:28  Supply Depot, SCV, Medivac x2  
  89  6:30  Combat Shield  
  89  6:31  Marine x2  
  89  6:32  SCV  
  97  6:34  Marine  
  97  6:35  SCV  
  97  6:37  Barracks Reactor x2  
  99  6:40  SCV, Refinery  
  99  6:42  Marine  
  101  6:48  SCV x2, Siege Tank, Marine  
  107  6:54  Command Center  
  107  6:55  Supply Depot  
  107  6:56  Supply Depot  
  107  6:57  SCV  
  107  6:58  Marine x2  
  107  7:00  SCV x2  
  112  7:02  Drilling Claws  
  112  7:04  Factory  
  112  7:07  Marine  
  112  7:08  Marine  
  114  7:09  SCV  
  114  7:12  SCV x2  
  117  7:16  Marine x2  
  118  7:29  SCV x2  
  120  7:30  Marine x2  
  120  7:32  Marine  
  120  7:33  Marine  
  120  7:35  Widow Mine  
  126  7:37  Medivac  
  126  7:42  Marine x2  
  126  7:44  Marine  
  125  7:46  SCV, Marine  
  125  7:47  Marine  
  125  7:48  Marine  
  125  7:49  SCV x2  
  125  7:50  Terran Infantry Weapons Level 2, Terran Infantry Armor Level 2  
  120  7:59  Marine x3  
  120  8:00  Marine  
  120  8:03  Factory Reactor  
  120  8:05  Medivac, Marine x2  
  123  8:08  Marine  
  123  8:09  Marine  
  123  8:10  Widow Mine, SCV  
  128  8:15  SCV  
  128  8:16  Supply Depot, SCV, Barracks x3  
  128  8:17  Supply Depot, Marine x2  
  128  8:19  Medivac  
  134  8:23  SCV  
  134  8:25  Marine x3  
  134  8:26  Marine  
  141  8:27  Marauder  
  141  8:29  Sensor Tower  
  141  8:30  SCV x2, Terran Vehicle And Ship Armor Level 1  
  141  8:32  Siege Tank  
  146  8:37  Marine x2  
  146  8:39  Medivac  
  146  8:40  SCV  
  151  8:43  Planetary Fortress  
  151  8:47  Marine x2  
  146  8:50  Marine  
  146  8:54  Hellion  
  146  8:55  Widow Mine x2  
  151  8:58  Medivac  
  151  9:01  Supply Depot, Marine  
  154  9:02  Marine  
  154  9:04  Command Center  
  154  9:08  SCV  
  156  9:10  Barracks Tech Lab x3  
  156  9:17  Marine x3  
  156  9:22  Widow Mine x2  
  156  9:23  Widow Mine  
  165  9:25  SCV  
  165  9:26  SCV  
  165  9:27  SCV  
  165  9:29  Marine x2  
  165  9:30  Marine  
  165  9:31  Marauder x4  
  172  9:32  Supply Depot  
  172  9:33  Supply Depot, Marine x2  
  172  9:37  Marine  
  172  9:38  SCV  
  172  9:46  Concussive Shells  
  172  9:53  Medivac, Siege Tank, SCV  
  172  9:54  Widow Mine  
  172  9:55  Medivac  
  158  10:01  Marine x3  
  158  10:02  Marauder x2, Marine x2  
  158  10:03  Marauder x2, Marine x2  
  158  10:04  Marine  
  162  10:13  SCV x2  
  164  10:16  SCV  
  164  10:19  Marine x3  
  164  10:20  Marine  
  168  10:23  Marauder x2  
  172  10:30  Marauder x2  
  172  10:31  Marine x3  
  172  10:32  Siege Tank, Command Center  
  172  10:33  Widow Mine  
  184  10:42  SCV  
  185  10:49  Marine  
  170  10:50  Marauder, Marine  
  170  10:51  SCV  
  170  10:55  Marauder, Marine x3  
  161  10:57  Widow Mine x2  
  161  10:58  SCV x2  
  161  10:59  Planetary Fortress  
  161  11:04  Medivac x2  
  169  11:10  Marine x2  
  169  11:11  Refinery x2  
  171  11:17  Widow Mine, Marine  
  171  11:18  Marine  
  175  11:19  Widow Mine  
  175  11:24  Marine x4  
  181  11:26  Widow Mine  
  181  11:27  Marauder x3  
  181  11:29  Command Center  
  190  11:52  Command Center  
  190  11:53  Sensor Tower, Command Center  

Tags
 
Add a new tag
Caveats
  • Supply blocks, unpowered buildings, or Contaminate may cause inaccurate times.
  • Supply counts are checked every 10 seconds.